 Dungeon Crawl Stone Soup version 0.31-a0-675-g238779eb0a (webtiles) character file.

Game seed: 18087718698838457907

3445 Dittersdorf the Blocker (level 10, -12/64 HPs)
             Began as a Gargoyle Fighter on Sept 5, 2023.
             Was an Initiate of Okawaru.
             Mangled by a +4 spectral quarterstaff (20 damage)
             ... created by Joseph
             ... on level 7 of the Dungeon.
             The game lasted 00:15:43 (6989 turns).

Dittersdorf the Blocker (Gargoyle Fighter)          Turns: 6989, Time: 00:15:43

Health: -12/64     AC:  0    Str: 25    XL:     10   Next: 5%
Magic:  10/10      EV: 17    Int:  8    God:    Okawaru [......]
Gold:   227        SH:  0    Dex: 14    Spells: 7/9 levels left

rFire   . . .        a - melded +1 flail (drain)
rCold   . . .        c - melded +0 buckler
rNeg    + . .        t - melded +0 plate armour
rPois   ∞            b - melded +0 helmet
rElec   .            v - melded +0 cloak
rCorr   .            (gloves currently unavailable)
SInv    .            (boots currently unavailable)
Will    .....        (no amulet)
Stlth   +            o - melded ring of flight
HPRegen 0.30/turn    (ring currently unavailable)
MPRegen 0.12/turn

%: no passive effects
@: bat-form, flying, very quick
A: fast, flying, no casting, sickness immunity, AC +7, tiny, negative energy
resistance 1, (electricity resistance), torment resistance 1, petrification
resistance
a: Renounce Religion


You were on level 7 of the Dungeon.
You worshipped Okawaru.
Okawaru was noncommittal.
You were a bat.
You visited 2 branches of the dungeon, and saw 8 of its levels.

You collected 287 gold pieces.
You spent 60 gold pieces at shops.

Inventory:

Hand Weapons
 a - a +1 flail of draining (melded)
 f - the +8 shortbow of the Big Fish {heavy, rElec Str+3}
   (You found it on level 4 of the Dungeon)

   Str+3:     It affects your strength (+3).
   rElec:     It insulates you from electricity.
Missiles
 i - 5 curare-tipped darts (quivered)
Armour
 b - a +0 helmet (melded)
 c - a +0 buckler (melded)
 t - a +0 plate armour (melded)
 v - a +0 cloak (melded)
Jewellery
 o - a ring of flight (melded)
Wands
 q - a wand of iceblast (20)
Scrolls
 h - a scroll of fog
 k - a scroll of enchant weapon
 l - 3 scrolls of teleportation
Potions
 d - 2 potions of might
 e - 6 potions of curing
 g - a potion of enlightenment
 j - 2 potions of brilliance
 m - 3 potions of heal wounds
 n - a potion of haste {unknown}
 s - a potion of mutation
 u - a potion of invisibility
 w - a potion of berserk rage {unknown}


   Skills:
 + Level 8.3 Fighting
 + Level 7.2 Maces & Flails
 + Level 8.3 Armour
 + Level 8.4 Shields


You had 7 spell levels left.
You knew the following spells:

 Your Spells              Type           Power      Damage    Failure   Level
a - Passwall              Tmut/Erth      0%         N/A       54%         2

Your spell library contained the following spells:

 Spells                   Type           Power      Damage    Failure   Level
 Kiss of Death            Conj/Necr      0%         2d5       41%         1
 Wereblood                Tmut           0%         N/A       54%         2
 Confusing Touch          Hex            0%         N/A       78%         3
 Portal Projectile        Hex/Tloc       0%         N/A       78%         3
 Dispel Undead            Necr           0%         3d6       99%         4
 Iskenderun's Mystic Bla  Conj/Tloc      0%         2d3       99%         4
 Olgreb's Toxic Radiance  Pois           0%         N/A       99%         4
 Sublimation of Blood     Necr           Unusable   N/A       N/A         2
 Tukima's Dance           Hex            Unusable   N/A       N/A         3
 Summon Hydra             Summ           Unusable   N/A       N/A         7

Dungeon Overview and Level Annotations

Branches:
Dungeon (7/15)             Temple (1/1) D:6

Altars:
Ashenzari
Cheibriados
Dithmenos
Fedhas
Gozag
Hepliaklqana
Kikubaaqudgha
Makhleb
Nemelex Xobeh
Okawaru
Qazlal
Ru
Sif Muna
Trog
Vehumet
Wu Jian
Xom
Zin
The Shining One

Shops:
D:3 ?   D:4 *   D:6 =

Annotations:
D:7 Joseph


Innate Abilities, Weirdness & Mutations

You are a bat.
You are tiny and dextrous.
You move quickly.
You are flying.
Your equipment is almost entirely melded.
You are incapable of wielding weapons or throwing items.
You cannot cast spells.
You are immune to sickness and miasma.
((Your stone body is resilient. (AC +7)))
You are immune to poison.
You resist negative energy. (rN+)
((You are resistant to electric shocks. (rElec)))
You are resistant to unholy torment.
You are immune to petrification.


Message History

The +4 spectral quarterstaff hits you but does no damage.
A +4 spectral quarterstaff comes into view.
You barely miss Joseph.
Joseph is moderately wounded.
The +4 spectral quarterstaff hits you but does no damage.
The +4 spectral quarterstaff barely misses you.
You hit Joseph. You drain Joseph.
Joseph is moderately wounded.
The +4 spectral quarterstaff hits you.
The +4 spectral quarterstaff hits you but does no damage.
Joseph closely misses you.
The +4 spectral quarterstaff hits you but does no damage.
The +4 spectral quarterstaff hits you.
You closely miss Joseph.
Joseph is moderately wounded.
Joseph zaps a wand.
You turn into a bat.
Your +1 flail of draining melds into your body.
Your +0 cloak melds into your body.
Your +0 helmet melds into your body.
Your +0 buckler melds into your body.
Your +0 plate armour melds into your body.
Your ring of flight melds into your body.
You float gracefully downwards.
You hit Joseph but do no damage.
Joseph is moderately wounded.
You barely miss Joseph.
Joseph is moderately wounded.
The +4 spectral quarterstaff hits you!!
You closely miss Joseph.
Joseph is moderately wounded.
The +4 spectral quarterstaff disappears.
Joseph hits you with a +4 spectral quarterstaff!
* * * LOW HITPOINT WARNING * * *
The +4 spectral quarterstaff misses you.
A +4 spectral quarterstaff comes into view.
You closely miss Joseph.
Joseph is moderately wounded.
The +4 spectral quarterstaff hits you!
* * * LOW HITPOINT WARNING * * *
The +4 spectral quarterstaff hits you!!
You die...

...............##.......#
###..##..#.#...##.......#
#..##..#.#...##.......#
#..##..#.#...##.......#####
###..##..#...................
.....##........######.#######
#[#..##..###<.....# #.# #########
#.#..##..####..######.###.......#
.....##.........b@......#.#####.#
................(................
#.######.#####.....(......#####.#
#.######. ########.#.#.#####.#
#........ ###.......... ..#######
#.#.#####.# ### #.#.# #.# #.#.#
#.# #.#.# #.#


You could see Joseph (poisoned, slow, drained) and a +4 spectral quarterstaff.

Vanquished Creatures
  A hornet (D:6)
  Grinder (D:5)
  A steam dragon (D:6)
  3 black bears
  An ice beast (D:6)
  A sky beast (D:6)
  An ogre (D:5)
  4 centaurs
  3 phantoms
  A kobold brigand (D:5)
  A bullfrog (D:5)
  A gnoll sergeant (D:5)
  5 wights
  3 scorpions
  A howler monkey (D:5)
  A bullfrog zombie (D:4)
  3 orc priests
  6 hounds
  4 jellies
  2 gnoll boudas
  A sleepcap (D:6)
  6 iguanas
  2 orc wizards
  A scorpion zombie (D:4)
  A hound zombie (D:4)
  13 gnolls
  2 howler monkey skeletons (D:4)
  14 adders
  A shadow imp (D:5)
  A white imp (D:6)
  2 adder skeletons (D:4)
  4 adder zombies (D:4)
  7 dart slugs
  3 worms (D:2)
  20 orcs
  8 ball pythons
  5 endoplasms
  3 giant cockroaches
  12 goblins
  4 hobgoblins
  4 quokkas
  6 bats
  A frilled lizard (D:1)
  15 kobolds
  5 rats
  A rat zombie (D:3)
186 creatures vanquished.

Notes
Turn   | Place    | Note
-------+----------+-------------------------------------------
     0 | D:1      | Dittersdorf the Gargoyle Fighter began the quest for the
                  | Orb.
     0 | D:1      | Reached XP level 1. HP: 14/14 MP: 1/1
   114 | D:1      | You fall into a shaft and drop 1 floor!
   139 | D:2      | Reached XP level 2. HP: 16/19 MP: 2/2
   224 | D:2      | Found a faded altar of an unknown god.
   321 | D:1      | Reached XP level 3. HP: 16/23 MP: 3/3
  1186 | D:2      | Reached XP level 4. HP: 19/29 MP: 4/4
  1887 | D:3      | Found The Oracle's Delphic Readings.
  1962 | D:3      | Identified the +6 hand axe of Discord {antimagic, Fly rElec
                  | Will+ Int-2}
  1983 | D:3      | Found an ancient bone altar of Kikubaaqudgha.
  2206 | D:4      | Reached XP level 5. HP: 18/33 MP: 5/5
  2486 | D:4      | Found Soxue's General Store.
  2498 | D:4      | Bought a potion of heal wounds for 60 gold pieces
  2756 | D:4      | Reached XP level 6. HP: 32/39 MP: 6/6
  2968 | D:4      | Reached skill level 5 in Fighting
  2968 | D:4      | Reached skill level 5 in Shields
  3006 | D:4      | Reached skill level 5 in Armour
  3006 | D:4      | Reached XP level 7. HP: 40/44 MP: 7/7
  3026 | D:4      | Identified the +8 shortbow of the Big Fish {heavy, rElec
                  | Str+3}
  3535 | D:4      | Found a glowing silver altar of Zin.
  3682 | D:5      | Entered Level 5 of the Dungeon
  3893 | D:3      | Reached XP level 8. HP: 13/51 MP: 8/8
  4114 | D:5      | Noticed Grinder
  4114 | D:5      | Paralysed by Grinder for 3 turns
  4122 | D:5      | Killed Grinder
  4123 | D:5      | Reached skill level 5 in Maces & Flails
  4744 | D:5      | Reached XP level 9. HP: 42/56 MP: 9/9
  5012 | D:5      | Got the Discourse on Remoulded Nausea
  5056 | D:5      | Found a stormy altar of Qazlal.
  5060 | D:5      | Learned a level 2 spell: Passwall
  5307 | D:6      | Identified the +2 mace of Guile {heavy, rElec Will+ Str-5}
  5549 | D:6      | Noticed a hornet
  5560 | D:6      | Killed a hornet
  5684 | D:6      | Found Esetrurgh's Jewellery Emporium.
  5717 | D:6      | Reached XP level 10. HP: 60/64 MP: 10/10
  6091 | D:6      | Found a staircase to the Ecumenical Temple.
  6247 | Temple   | Entered the Ecumenical Temple
  6260 | Temple   | Became a worshipper of Warmaster Okawaru
  6337 | D:6      | Found a shimmering blue altar of Sif Muna.
  6593 | D:7      | Found an ornate altar of the Wu Jian Council.
  6769 | D:7      | Noticed Joseph
  6989 | D:7      | Mangled by a +4 spectral quarterstaff

Illustrated notes

Levels and vault maps discovered:
D:1:      lightli_molten_gateway, layout_basic, minivault_11,
          amcnicky_mini_corridor_feature
D:2:      layout_loops_cross, nicolae_ecumenical_pavilion
D:3:      layout_loops_ring, lemuel_zombie_altar_kikubaaqudgha,
          nicolae_nh_oracle_at_delphi
D:4:      kennysheep_six_static_rooms, layout_basic, zin_scriptorium,
          serial_shops, shop, serial_undead, serial_undead_f, serial_undead_d,
          serial_undead_f, serial_undead_a, serial_undead_b, serial_undead_c,
          grunt_ministairs_11
D:5:      minmay_octagon_keep, layout_cave_pools,
          nicolae_qazlal_eye_of_the_storm, uniq_grinder
D:6:      layout_basic, nicolae_sif_muna_condensation,
          minmay_temple_entry_nine_rooms, serial_shops, nicolae_shop_tiny_glass,
          minmay_joined_circles
D:7:      layout_basic, lemuel_round_altar, uniq_joseph
Temple:   dpeg_chambers_temple

Skill      XL: |  1  2  3  4  5  6  7  8  9 |
---------------+----------------------------+-----
Fighting       | 4 5 6 8 |  8.3
Shields        | 4 5 6 8 |  8.4
Armour         | 4 5 6 8 |  8.3
Maces & Flails | 3 4 5 7 |  7.2

Action                     |  1- 3 |  4- 6 |  7- 9 | 10-12 || total
---------------------------+-------+-------+-------+-------++-------
  Melee: Flail             |   114 |   137 |   392 |    21 ||   664
         Whip              |       |    23 |       |       ||    23
         Unarmed           |       |       |       |     6 ||     6
  Throw: Dart              |       |       |     2 |     2 ||     4
    Use: Scroll            |       |     9 |     6 |     2 ||    17
 Armour: Scale mail        |    93 |   139 |   176 |       ||   408
         Plate armour      |       |       |   198 |    32 ||   230
         Skin              |       |       |       |    12 ||    12
  Dodge: Dodged            |    46 |    82 |   186 |    17 ||   331
  Block: Buckler           |    26 |    41 |   122 |     9 ||   198

Table legend: (Time is in decaauts)
 A = Elapsed time spent in this place.
 B = Non-inter-level travel time spent in this place.
 C = Inter-level travel time spent in this place.
 D = Time resting spent in this place.
 E = Time spent auto-exploring this place.
 F = Levels seen in this place.
 G = Mean time per level.
                   A        B        C        D        E       F      G
               +--------+--------+--------+--------+--------+-----+--------+
         Total |   7124 |   6900 |    224 |   1344 |   3886 |   8 |  890.5 |
       Dungeon |   7095 |   6895 |    200 |   1344 |   3886 |   7 | 1013.6 |
        Temple |     28 |      4 |     24 |      0 |      0 |   1 |   28.0 |
               +--------+--------+--------+--------+--------+-----+--------+

Top non-repeatable levels by time:
     D:6: 1468 daAuts
     D:4: 1329 daAuts
     D:3: 1322 daAuts
     D:5: 1144 daAuts
     D:2: 720 daAuts
     D:1: 687 daAuts
     D:7: 422 daAuts
  Temple: 28 daAuts
